 Dungeon Crawl Stone Soup version 0.18-a0-1561-g7b1e397 (webtiles) character file.

56 Svalin the Stinger (level 4, -2/30 HPs)
             Began as a Formicid Venom Mage on Mar 12, 2016.
             Slain by a jackal (3 damage)
             ... on level 2 of the Dungeon on Mar 13, 2016.
             The game lasted 00:08:25 (2059 turns).

Svalin the Stinger (Formicid Venom Mage)            Turns: 2059, Time: 00:08:25

Health: -2/30      AC:  2    Str: 12    XL:     4   Next: 15%
Magic:  7/7        EV: 12    Int: 16    God:
Gold:   65         SH:  0    Dex: 11    Spells: 3 memorised, 1 level left

rFire  . . .     SeeInvis +     p - +0 mace (curse)
rCold  . . .     Gourm    .     a - +0 robe
rNeg   . . .     Faith    .     (no shield)
rPois  .         Spirit   .     (helmet unavailable)
rElec  .         Dismiss  .     (no cloak)
rCorr  .         Reflect  .     (no gloves)
SustAt .         Harm     .     (no boots)
MR     .....                    (no amulet)
Stlth  ++........               (no ring)
                                (no ring)

@: not resistant to hostile enchantments, unstealthy
A: permanent stasis, dig shafts and tunnels, four strong arms, antennae 3
a: Dig, Shaft Self


You were on level 2 of the Dungeon.
You were not hungry.

You visited 1 branch of the dungeon, and saw 2 of its levels.

You collected 65 gold pieces.

Inventory:

Hand Weapons
 j - a +0 spear
 p - a cursed +0 mace (weapon)
Missiles
 g - 30 stones (quivered)
Armour
 a - a +0 robe (worn)
Scrolls
 h - a scroll of identify
 i - a scroll of remove curse
 k - a scroll of immolation {unknown}
Potions
 d - 2 potions of curing
 e - a potion of flight
 l - 2 potions of resistance {unknown}
 n - a potion of magic {unknown}
Books
 b - a Young Poisoner's Handbook

   Spells                             Type                      Level
   a - Sting                          Conjuration/Poison           1
   b - Cure Poison                    Poison                       2
   c - Mephitic Cloud                 Conjuration/Poison/Air       3
   d - Olgreb's Toxic Radiance        Poison                       4
   e - Venom Bolt                     Conjuration/Poison           5
Comestibles
 c - a bread ration
 f - a royal jelly
 o - a beef jerky


   Skills:
 - Level 1.7 Dodging
 - Level 2.4 Stealth
 - Level 2.1 Spellcasting
 + Level 3.1 Conjurations
 - Level 5.3 Poison Magic


You had one spell level left.
You knew the following spells:

 Your Spells              Type           Power        Failure   Level  Hunger
a - Sting                 Conj/Pois      ###.         4%          1    #......
b - Cure Poison           Pois           ###.......   4%          2    ###....
c - Mephitic Cloud        Conj/Pois/Air  ##......     21%         3    ###....


Dungeon Overview and Level Annotations

Branches:
Dungeon (2/15)

Altars:
Okawaru
Pakellas


Innate Abilities, Weirdness & Mutations

You are under a permanent stasis effect.
You can dig through walls and to a lower floor.
Your four strong arms can wield two-handed weapons with a shield.
You have a pair of large antennae on your head (SInv).


Message History

* * * LOW HITPOINT WARNING * * *
The jackal barely misses you.
The jackal bites you but does no damage.
The jackal bites you but does no damage.
The jackal bites you.
* * * LOW HITPOINT WARNING * * *
The jackal misses you. The jackal closely misses you. The jackal bites you.
* * * LOW HITPOINT WARNING * * *
The jackal closely misses you. x2
The jackal bites you but does no damage.
The jackal misses you. The jackal closely misses you. The jackal bites you.
* * * LOW HITPOINT WARNING * * *
The jackal bites you but does no damage.
The jackal misses you. x2; The jackal completely misses you.
The jackal closely misses you. x2
The jackal misses you. The jackal bites you.
* * * LOW HITPOINT WARNING * * *
The jackal bites you.
You die...

####### #.....#
#####################
#.###.###..h@................
#..........hh###########.####
#####............# #.#
........)........# #.#
#.#####'#####'#### #.#
#.....#.# #.# #.......# #.#
#.###.#)##### #.#
#.###.#>..g.## #.#


You could see 3 jackals.

Vanquished Creatures
  An adder (D:2)
  A worm (D:2)
  3 dart slugs (D:1)
  2 giant geckos
  2 giant cockroaches (D:1)
  6 goblins
  3 hobgoblins
  2 jackals (D:2)
  2 kobolds (D:2)
  A quokka (D:2)
  3 bats
  3 giant newts (D:1)
  6 rats
35 creatures vanquished.

Notes
Turn   | Place    | Note
--------------------------------------------------------------
     0 | D:1      | Svalin the Formicid Venom Mage began the quest for the Orb.
     0 | D:1      | Reached XP level 1. HP: 13/13 MP: 3/3
    64 | D:1      | Reached skill level 1 in Conjurations
   105 | D:1      | Reached XP level 2. HP: 16/19 MP: 0/5
   480 | D:1      | Learned a level 2 spell: Cure Poison
   673 | D:1      | Reached XP level 3. HP: 24/24 MP: 2/6
   807 | D:1      | Learned a level 3 spell: Mephitic Cloud
   934 | D:2      | Found an iron altar of Okawaru.
   943 | D:2      | Found an oddly glowing altar of Pakellas.
  1585 | D:2      | Reached XP level 4. HP: 28/30 MP: 5/7
  1998 | D:2      | Upgraded the game from 0.18-a0-1560-ge216ca8 to 0.18-a0-1561-g7b1e397
  2059 | D:2      | HP: 1/30 [jackal (1)]
  2059 | D:2      | Slain by a jackal

Vault maps used:
D:1:      eino_arrival_water_star
D:2:      lemuel_doored_altar, lemuel_crystal_altar, hangedman_glass_teeth

Skill      XL: |  1  2  3  4 |
---------------+-------------+-----
Conjurations   | 1 2 3 |  3.1
Dodging        | |  1.7
Stealth        | |  2.4
Spellcasting   | |  2.1
Poison Magic   | |  5.3

Action                   |  1- 3 |  4- 6 || total
-------------------------+-------+-------++-------
Melee: Unarmed           |    42 |       ||    42
       Spear             |     9 |     6 ||    15
       Mace              |       |     1 ||     1
Throw: Stone             |     1 |     2 ||     3
 Cast: Sting             |    58 |    18 ||    76
       Cure Poison       |     1 |       ||     1
  Use: Scroll            |     6 |       ||     6
       Potion            |       |     1 ||     1
  Eat: Chunk             |     3 |     2 ||     5
